 Dungeon Crawl Stone Soup version 0.31-a0-154-g56bf346678 (webtiles) character file.

Game seed: 13477020046911474465

4428 comborobin the Skirmisher (level 10, -4/56 HPs)
             Began as a Deep Elf Delver on June 11, 2023.
             Was an Elder of Okawaru.
             Slain by a hornet (11 damage)
             ... while paralysed by a hornet
             ... on level 9 of the Dungeon.
             The game lasted 00:14:23 (7805 turns).

comborobin the Skirmisher (Deep Elf Delver)         Turns: 7805, Time: 00:14:24

Health: -4/56      AC: 10    Str: 15    XL:     10   Next: 14%
Magic:  12/15      EV:  2    Int: 16    God:    Okawaru [****..]
Gold:   196        SH:  0    Dex: 20    Spells: 11/13 levels left

rFire   . . .        a - +0 orcbow (flame)
rCold   + . .        (shield currently unavailable)
rNeg    . . .        J - +1 steam dragon scales
rPois   .            t - +1 helmet
rElec   .            y - +0 cloak
rCorr   .            x - +0 pair of gloves
SInv    +            (no boots)
Will    +....        E - amulet of regeneration
Stlth   +++          B - +6 ring of strength
HPRegen 1.09/turn    (no ring)
MPRegen 0.14/turn

%: clarity
@: paralysed, lethally poisoned (-4 -> -10), on blink cooldown, hasted and
slowed
A: talons 1, see invisible, clarity, cold resistance 1
a: Renounce Religion, Heroism, Finesse


You were on level 9 of the Dungeon.
You worshipped Okawaru.
Okawaru was greatly pleased with you.
You visited 2 branches of the dungeon, and saw 10 of its levels.

You collected 586 gold pieces.
You spent 390 gold pieces at shops.

Inventory:

Hand Weapons
 a - a +0 orcbow of flaming (weapon)
 b - a +4 dire flail of protection
 d - a +0 sling
 i - a +0 short sword
 z - a +4 dagger
 D - a +2 short sword of venom
 N - the +8 whip of Conscience {speed, Contam rC+ rCorr Str+6}
   (You found it on level 6 of the Dungeon)

   Str:       It affects your strength (+6).
   rC:        It protects you from cold.
   Contam:    It causes magical contamination when unequipped.
   rCorr:     It protects you from acid and corrosion.
Armour
 m - a +0 helmet
 n - a +0 leather armour
 t - a +1 helmet (worn)
 x - a +0 pair of gloves (worn)
 y - a +0 cloak (worn)
 J - +1 steam dragon scales (worn)
Jewellery
 j - an amulet of guardian spirit
 A - a ring of ice
 B - a +6 ring of strength (left hand)
 E - an amulet of regeneration (around neck)
 I - an amulet of reflection
 O - a ring of ice
Wands
 g - a wand of digging (1)
 l - a wand of charming (24)
 F - a wand of flame (12)
Scrolls
 f - a scroll of fog
 h - a scroll of enchant armour
 k - 3 scrolls of identify
 o - 4 scrolls of vulnerability
 q - 2 scrolls of teleportation
 C - a scroll of magic mapping
Potions
 c - a potion of degeneration {unknown}
 e - 3 potions of might {unknown}
 p - a potion of enlightenment
 r - a potion of haste
 s - a potion of mutation
 u - 3 potions of attraction
 v - 4 potions of curing
 w - 2 potions of berserk rage
 M - 2 potions of magic


   Skills:
 - Level 3.2 Fighting
 - Level 9.8 Short Blades
 - Level 3.8 Maces & Flails
 + Level 10.5 Ranged Weapons
 - Level 4.5 Dodging
 - Level 6.0 Stealth
 + Level 2.0 Spellcasting
 * Level 3.0 Translocations
 * Level 2.4 Invocations


You had 11 spell levels left.
You knew the following spells:

 Your Spells              Type           Power      Damage    Failure   Level
b - Blink                 Tloc           22%        N/A       9%          2

Your spell library contained the following spells:

 Spells                   Type           Power      Damage    Failure   Level
 Lesser Beckoning         Tloc           22%        N/A       9%          2
 Momentum Strike          Conj/Tloc      12%        3d8       17%         2
 Magic Dart               Conj           4%         1d3       21%         1
 Searing Ray              Conj           2%         2d4       30%         2
 Fulminant Prism          Conj/Hex       0%         3d5       90%         4


Dungeon Overview and Level Annotations

Branches:
Dungeon (9/15)             Temple (1/1) D:4            Lair (0/5) D:8
    Orc: D:9-12

Altars:
Ashenzari
Cheibriados
Dithmenos
Elyvilon
Fedhas
Gozag
Hepliaklqana
Kikubaaqudgha
Makhleb
Nemelex Xobeh
Okawaru
Qazlal
Ru
Sif Muna
Uskayaw
Vehumet
Wu Jian
Xom
Yredelemnul
Zin
The Shining One

Shops:
D:3 :   D:4 =   D:9 *[

Annotations:
D:6 exclusion: 2 killer bees


Innate Abilities, Weirdness & Mutations

You have sharp toenails.
You have supernaturally acute eyesight. (SInv)
You possess an exceptional clarity of mind.
Your flesh is cold resistant. (rC+)


Message History

The troll barely misses you. The hornet stings you!
You feel yourself slow down.
Unknown command.
Casting: Blink (safe; 9% risk of failure)
Confirm with . or Enter, or press ? or * to list all spells.
You blink.
Unknown command.
Unknown command.
Fire: a) +0 orcbow (flame)
Press: ? - help, Q - select action, (/) - cycle Shift-Dir - straight line, f/p - hornet
Aim: a hornet (almost dead, 50% to hit)
You shoot an arrow. The arrow misses the hornet.
Unknown command.
Unknown command.
Fire: a) +0 orcbow (flame)
Press: ? - help, Q - select action, (/) - cycle Shift-Dir - straight line, f/p - hornet
Aim: a hornet (almost dead, 50% to hit)
You shoot an arrow. The arrow barely misses the hornet.
You feel yourself speed up. The hornet stings you.
You feel yourself slow down.
Unknown command.
Fire: a) +0 orcbow (flame)
Press: ? - help, Q - select action, (/) - cycle Shift-Dir - straight line, f/p - hornet
Aim: a hornet (almost dead, 50% to hit)
You shoot an arrow.
The arrow hits the hornet but does no damage.
The hornet is almost dead.
The hornet closely misses you. The troll bites you! The troll claws you! x2
* * * LOW HITPOINT WARNING * * *
Unknown command.
Unknown command.
Fire: a) +0 orcbow (flame)
Press: ? - help, Q - select action, (/) - cycle Shift-Dir - straight line, f/p - hornet
Aim: a hornet (almost dead, 50% to hit)
You shoot an arrow. The arrow completely misses the hornet.
The hornet stings you!
* * * LOW HITPOINT WARNING * * *
You are poisoned.
You suddenly lose the ability to move!
The hornet stings you!
You die...

..........##...###......∩.
..........##.#.###........
................#........
..###................###
...................+..
.##.../.....(......#..
#................#..
...##...T............#..
.......@y##..........#..
.....................##.
.........##.............
.#.......##..........##.
.........##..........###
.........##...########
.........# ..........


You could see a troll and a hornet.

Vanquished Creatures
  A two-headed ogre (D:9)
  Pikel (D:4)
  Maurice (D:8)
  A troll (D:9)
  Grinder (D:5)
  3 yaks (D:8)
  A steam dragon (D:7)
  Edmund (D:4)
  2 ice beasts
  3 black bears
  2 ogres
  4 centaurs (D:8)
  2 phantoms (D:5)
  A bullfrog (D:4)
  A howler monkey (D:7)
  2 jellies (D:5)
  An orc priest (D:7)
  5 hounds
  7 iguanas
  2 sleepcaps
  2 orc wizards (D:4)
  16 adders
  A shadow imp (D:7)
  A white imp (D:6)
  2 ufetubi
  3 worms (D:2)
  A dart slug (D:3)
  12 orcs
  6 ball pythons
  5 bats
  5 endoplasms
  A giant cockroach (D:3)
  6 goblins
  3 hobgoblins
  2 jackals (D:1)
  2 quokkas (D:1)
  4 frilled lizards
  4 kobolds
  3 rats
121 creatures vanquished.

Vanquished Creatures (collateral kills)
  A hound (D:4)
  2 worms (D:4)
  A ball python (D:4)
4 creatures vanquished.

Vanquished Creatures (others)
  A hound (D:4)
1 creature vanquished.

Grand Total: 126 creatures vanquished

Notes
Turn   | Place    | Note
-------+----------+-------------------------------------------
     0 | D:5      | comborobin the Deep Elf Delver began the quest for the Orb.
     0 | D:5      | Reached XP level 1. HP: 13/13 MP: 3/3
    53 | D:5      | Noticed Pikel
    53 | D:5      | Noticed a lemure
    60 | D:4      | Noticed an orc wizard
    60 | D:4      | Noticed an orc wizard
    89 | D:5      | Noticed a jelly
   137 | D:5      | Noticed a sleepcap
   140 | D:5      | Found a radiant altar of Vehumet.
   307 | D:4      | Noticed a bullfrog
   337 | D:3      | Found Wuelep's Book Boutique.
   462 | D:3      | Found a faded altar of an unknown god.
   488 | D:3      | Reached XP level 2. HP: 18/18 MP: 4/4
   737 | D:3      | Reached XP level 3. HP: 12/22 MP: 3/5
   808 | D:4      | Killed a bullfrog
   809 | D:4      | Reached XP level 4. HP: 6/27 MP: 1/6
   826 | D:4      | Noticed Edmund
   965 | D:4      | Reached skill level 5 in Short Blades
  1073 | D:4      | Reached XP level 5. HP: 30/31 MP: 7/7
  1085 | D:4      | Learned a level 2 spell: Blink
  1143 | D:4      | Found a staircase to the Ecumenical Temple.
  1146 | D:4      | Noticed a black bear
  1149 | Temple   | Entered the Ecumenical Temple
  1168 | Temple   | Became a worshipper of Warmaster Okawaru
  1310 | D:3      | Reached skill level 1 in Spellcasting
  1479 | D:3      | Reached skill level 1 in Translocations
  1693 | D:2      | Reached XP level 6. HP: 36/36 MP: 9/11
  3383 | D:4      | Killed Edmund
  3384 | D:4      | Reached XP level 7. HP: 31/40 MP: 9/12
  3509 | D:4      | Found Vicapnur's Jewellery Shoppe.
  3678 | D:5      | Noticed Grinder
  3745 | D:5      | Reached * piety under Okawaru
  3914 | D:4      | Killed Pikel
  3915 | D:4      | Reached XP level 8. HP: 45/45 MP: 9/13
  4038 | D:5      | Reached ** piety under Okawaru
  4940 | D:6      | Identified the +8 whip of Conscience {speed, Contam rC+
                  | rCorr Str+6}
  5233 | D:4      | Bought an amulet of regeneration for 390 gold pieces
  5367 | D:5      | Reached skill level 1 in Maces & Flails
  5459 | D:5      | Killed Grinder
  5955 | D:7      | Found a stormy altar of Qazlal.
  6009 | D:7      | Reached XP level 9. HP: 31/49 MP: 14/14
  6122 | D:7      | Reached skill level 1 in Invocations
  6604 | D:8      | Reached *** piety under Okawaru
  6634 | D:8      | Found an opulent altar of Gozag.
  6725 | D:8      | Reached skill level 2 in Ranged Weapons
  6732 | D:8      | Reached skill level 4 in Ranged Weapons
  6741 | D:8      | Reached skill level 5 in Ranged Weapons
  6865 | D:8      | Gained mutation: You have sharp toenails. [potion of
                  | mutation]
  6865 | D:8      | Gained mutation: Your flesh is cold resistant. (rC+)
                  | [potion of mutation]
  6865 | D:8      | Gained mutation: You have supernaturally acute eyesight.
                  | (SInv) [potion of mutation]
  6865 | D:8      | Gained mutation: You possess an exceptional clarity of
                  | mind. [potion of mutation]
  6925 | D:8      | Reached skill level 6 in Ranged Weapons
  6986 | D:8      | Reached skill level 7 in Ranged Weapons
  7002 | D:8      | Noticed Maurice
  7008 | D:8      | Killed Maurice
  7008 | D:8      | Reached **** piety under Okawaru
  7009 | D:8      | Reached skill level 8 in Ranged Weapons
  7363 | D:8      | Found a staircase to the Lair.
  7519 | D:9      | Paralysed by a hornet for 3 turns
  7669 | D:9      | Noticed a troll
  7678 | D:9      | Killed a troll
  7679 | D:9      | Reached skill level 9 in Ranged Weapons
  7696 | D:9      | Found Tyban's Armour Emporium.
  7709 | D:9      | Found Byal's Assorted Antiques.
  7731 | D:9      | Noticed a two-headed ogre
  7739 | D:9      | Killed a two-headed ogre
  7740 | D:9      | Reached skill level 10 in Ranged Weapons
  7740 | D:9      | Reached XP level 10. HP: 56/56 MP: 12/15
  7805 | D:9      | Paralysed by a hornet for 2 turns
  7805 | D:9      | Slain by a hornet

Illustrated notes

Levels and vault maps discovered:
D:1:      psy_arrival_radial01, layout_loops_cross
D:2:      layout_basic, minmay_snake_closets
D:3:      layout_basic, nicolae_overflow_ecumenical_swirl, serial_shops, shop
D:4:      layout_basic, minmay_temple_entry_wispy, serial_shops, shop,
          uniq_edmund
D:5:      mumra_celtic_spiral_tile, layout_basic, lemuel_tele_altar,
          kennysheep_opposing_triangles, uniq_pikel, uniq_grinder
D:6:      layout_basic
D:7:      layout_basic, lemuel_doored_altar
D:8:      layout_loops_cross, lemuel_crystal_altar, lair_entry_dummy,
          uniq_maurice
D:9:      layout_basic, serial_shops, shop, nicolae_shop_tiny_real_fake_doors,
          shop
Temple:   nicolae_temple_no_exploring_needed

Skill      XL: |  1  2  3  4  5  6  7  8  9 |
---------------+----------------------------+-----
Short Blades   | 3 4 5 7 9 |  9.8
Spellcasting   | 2 |  2.0
Translocations | 1 3 |  3.0
Dodging        | 4 |  4.5
Maces & Flails | 3 |  3.8
Fighting       | 3 |  3.2
Invocations    | 2 |  2.4
Ranged Weapons | 10 | 10.5
Stealth        | |  6.0

Action                     |  1- 3 |  4- 6 |  7- 9 | 10-12 || total
---------------------------+-------+-------+-------+-------++-------
  Melee: Short sword       |    27 |   157 |    23 |       ||   207
         Dire flail        |       |       |    79 |       ||    79
         Whip              |       |       |   169 |       ||   169
         Kick              |       |       |    12 |       ||    12
   Fire: Sling             |       |       |     3 |       ||     3
         Orcbow            |       |       |    16 |    17 ||    33
   Cast: Blink             |       |       |     6 |     2 ||     8
  Evoke: Wand              |     2 |     3 |     6 |       ||    11
    Use: Scroll            |     3 |     2 |    14 |       ||    19
         Potion            |     1 |     2 |     4 |     1 ||     8
   Stab: Sleeping          |     2 |    20 |     6 |       ||    28
         Distracted        |       |       |     1 |       ||     1
 Armour: Leather armour    |     2 |    37 |    56 |       ||    95
         Steam dragon scal |       |       |    21 |     5 ||    26
  Dodge: Dodged            |    24 |    74 |   150 |     9 ||   257

Table legend: (Time is in decaauts)
 A = Elapsed time spent in this place.
 B = Non-inter-level travel time spent in this place.
 C = Inter-level travel time spent in this place.
 D = Time resting spent in this place.
 E = Time spent auto-exploring this place.
 F = Levels seen in this place.
 G = Mean time per level.
                   A        B        C        D        E       F      G
               +--------+--------+--------+--------+--------+-----+--------+
         Total |   7634 |   6939 |    695 |    642 |   4652 |  10 |  763.4 |
       Dungeon |   7607 |   6936 |    671 |    642 |   4652 |   9 |  845.2 |
        Temple |     26 |      2 |     24 |      0 |      0 |   1 |   26.0 |
               +--------+--------+--------+--------+--------+-----+--------+

Top non-repeatable levels by time:
     D:5: 1371 daAuts
     D:6: 1037 daAuts
     D:4: 1007 daAuts
     D:8: 973 daAuts
     D:3: 922 daAuts
     D:1: 758 daAuts
     D:2: 692 daAuts
     D:7: 622 daAuts
     D:9: 221 daAuts
  Temple: 26 daAuts
